[Event "*** Titled Tuesday Blitz"]
[Site "Chess.com"]
[Date "2019.11.05"]
[Round "1"]
[White "Heineccius"]
[Black "Galiev_Azat"]
[Result "1-0"]
[WhiteElo "2607"]
[BlackElo "2230"]
[TimeControl "180+2"]
[EndTime "13:09:29 PST"]
[Termination "Heineccius won on time"]

1. d4 Nf6 2. c4 e6 3. Nc3 Bb4 4. g3 Ne4 5. Qc2 f5 6. Bg2 Bxc3+ 7. bxc3 Nf6 8. Nf3 O-O 9. O-O d6 10. c5 Nc6 11. Bf4 Qe7 12. cxd6 cxd6 13. Qb3 Kh8 14. Qa3 Rd8 15. h4 b6 16. Ng5 Bb7 17. Bxd6 Qd7 18.
Bf4 h6 19. Nf3 Rac8 20. Ne5 Nxe5 21. Bxe5 Bxg2 22. Kxg2 Qc6+ 23. Kg1 Nd5 24. Qc1 Kh7 25. Qa3 Nxc3 26. Rfe1 a5 27. Kh2 Nb5 28. Qb2 a4 29.
Rab1 Rd5 30. Rec1 Qd7 31. Rxc8 Qxc8 32. Qb4 Qd7 33. e3 Qf7 34. Rc1 a3 35. Rc8 Kg6 36. Rb8 Qd7 37. Rxb6 Na7 38. Qf8 Nc6 39. Rxc6 Rxe5 40. Rd6 Qb5 41. dxe5 Qf1 42. Rd2 f4 43. Qxf4 h5 44. Qg5+ 1-0

[Event "*** Titled Tuesday Blitz"]
[Site "Chess.com"]
[Date "2019.11.05"]
[Round "1"]
[White "imdarealist"]
[Black "RitvarsReimanis"]
[Result "0-1"]
[WhiteElo "2231"]
[BlackElo "2606"]
[TimeControl "180+2"]
[EndTime "13:09:29 PST"]
[Termination "RitvarsReimanis won by resignation"]

1. d4 Nf6 2. Bf4 e6 3. e3 d5 4. c3 c5 5. Nd2 Nc6 6. Bd3 Bd6 7. Bxd6 Qxd6 8. f4 cxd4 9. cxd4 Nb4 10. Qb3 Bd7 11.
Ngf3 a6 12. a3 Nxd3+ 13. Qxd3 Bb5 14. Qc3 a5 15. Rc1 O-O 16. Ne5 Nd7 17. Ndf3 f6 18.
Nxd7 Qxd7 19. Qc7 Qxc7 20. Rxc7 Rac8 21. Rxc8 Rxc8 22. Kd2 Kf7 23. Rc1 Bc6 24. Ne1 h6 25. Nd3 g5 26. g3 Rg8 27. Nc5 Ke7 28. Nb3 Ra8 29. Rc5 a4 30. Nc1 Kd6 31. Nd3 b6 32. Rc3 Rg8 33. Nb4 Bd7 34. Nd3 h5 35. Ke2 h4 36. Kf2 hxg3+ 37. hxg3 gxf4 38. exf4 Rh8 39.
Kg2 Bb5 40. Nf2 Rg8 41. Rc1 Bc4 42. Rc3 Rb8 43. Nd3 Rh8 44. Nf2 Ke7 45. Ng4 b5 46. Ne3 Kd6 47. Nxc4+ bxc4 48. Kf2 Rb8 49. Rc2 Rb3 50.
Rd2 Ke7 51. g4 Kf7 52. Kg2 Kg6 53. Kf2 f5 54. g5 Kh5 55. Re2 Kg4 56. Rxe6 Kxf4 57.
g6 Rxb2+ 58. Ke1 Rg2 59. Re5 Rxg6 60. Rxd5 Rg3 61. Rc5 Rxa3 62. Rxc4 Ke3 63. d5 Ra1+ 0-1

[Event "*** Titled Tuesday Blitz"]
[Site "Chess.com"]
[Date "2019.11.05"]
[Round "1"]
[White "AyelenChess"]
[Black "GMOratovsky"]
[Result "1-0"]
[WhiteElo "2030"]
[BlackElo "2524"]
[TimeControl "180+2"]
[EndTime "13:09:29 PST"]
[Termination "AyelenChess won by checkmate"]

1. e4 d6 2. d4 Nf6 3. Nc3 e5 4. Nf3 Nbd7 5. g4 Nxg4 6. Rg1 Ngf6 7. Bc4 h6 8. Be3 c6 9. Qd2 b5 10. Bd3 Qc7 11. Ne2 a6 12. a4 Rb8 13. axb5 axb5 14. dxe5 dxe5 15. Ra7 Rb7 16. Ra8 Rb8 17. Ra7 Bb7 18. Nh4 g6 19. f4 Bc5 20. Bxc5 Nxc5 21. Qc3 Ncxe4 22. Qxe5+ Qxe5 23. fxe5 Nd7 24. e6 Ndc5 25.
exf7+ Kxf7 26. Nxg6 Rhg8 27. Ne5+ Ke6 28. Ng6 Nxd3+ 29. cxd3 Nc5 30. Nef4+ Kf6 31. d4 Nd3+ 32. Nxd3 Rxg6 33. Rf1+ Kg5 34. Ne5 Re6 35. Kd2 c5 36. Nd7 Rbe8 37. Rxb7 Re2+ 38. Kc1 cxd4 39. Rxb5+ Kh4 40. Nf6 Rc8+ 41. Kd1 Rxh2 42. Rh5+ Kg3 43. Ne4+ Kg2 44. Rf2+ Kg1 45. Rhxh2 Rg8 46. Re2 h5 47. Rhf2 Rg7 48. Re1# 1-0

[Event "*** Titled Tuesday Blitz"]
[Site "Chess.com"]
[Date "2019.11.05"]
[Round "1"]
[White "SanchezKelvin"]
[Black "Denis_Makhnyov"]
[Result "0-1"]
[WhiteElo "2493"]
[BlackElo "2922"]
[TimeControl "180+2"]
[EndTime "13:09:32 PST"]
[Termination "Denis_Makhnyov won by resignation"]

1. d4 Nf6 2. c4 e6 3. Nf3 b6 4. g3 Ba6 5. Qc2 Bb4+ 6. Bd2 Be7 7. Bg2 d5 8. Ne5 O-O 9. O-O Nbd7 10. Nc6 Qe8 11. Nxe7+ Qxe7 12. cxd5 Nxd5 13. Nc3 N7f6 14. Rfe1 c5 15. Nxd5 exd5 16. dxc5 bxc5 17. Bg5 Bb7 18. Bxf6 gxf6 19. Rac1 Rac8 20. e3 Rfd8 21. Bh3 Rc6 22.
Bf5 h6 23. Qe2 Qe5 24. Qg4+ Kf8 25. Qh5 Kg7 26. Qg4+ Kf8 27. Qh5 Ke7 28. b3 Rg8 29. Qf3 Rc7 30. e4 d4 31. Qd3 h5 32. f4 Qxf4 33.
e5 fxe5 34. Bh7 Rg7 35. Be4 Bxe4 36. Qxe4 Qxe4 37. Rxe4 Kd6 38. Rf1 Ke6 39. Rfe1 f6 40. b4 Kd5 41. bxc5 Rxc5 42. Rh4 Rg5 43. Rf1 Rc6 44. Rb1 a6 45. Rb8 f5 46. Rd8+ Rd6 47. Rf8 e4 48. Kf2 Ke5 49. Rf4 d3 50. Re8+ Kd4 51. h4 Rgg6 52. Rxf5 Rgf6 53. Rf8 e3+ 54. Ke1 Rxf8 55. Rxf8 Rb6 56. Rf4+ Kc3 57. Kf1 Rb1+ 0-1

[Event "*** Titled Tuesday Blitz"]
[Site "Chess.com"]
[Date "2019.11.05"]
[Round "1"]
[White "anon102030"]
[Black "boasovietica"]
[Result "1-0"]
[WhiteElo "2805"]
[BlackElo "2431"]
[TimeControl "180+2"]
[EndTime "13:09:34 PST"]
[Termination "anon102030 won on time"]

1. e4 e5 2. Nf3 Nc6 3. Bc4 Bc5 4. c3 Nf6 5. d4 exd4 6. cxd4 Bb4+ 7. Bd2 Bxd2+ 8.
Nbxd2 d5 9. exd5 Nxd5 10. O-O O-O 11. Nb3 Nb6 12. Bb5 Bg4 13. Bxc6 bxc6 14. h3 Be6 15.
Na5 Bd5 16. Ne5 Qd6 17. Rc1 Qb4 18. Naxc6 Bxc6 19. Nxc6 Qxb2 20. Qd3 Qxa2 21. Ne7+ Kh8 22. Rxc7 Rad8 23. Nc6 Rd7 24. Rxd7 Nxd7 25. Re1 Qa4 26. d5 Nf6 27. Ne5 Kg8 28. d6 Rd8 29. Rd1 Qe8 30. Qd4 Qe6 31. f4 Nd7 32. Nc6 Re8 33. Nxa7 h6 34.
Nc6 Nf6 35. Ne5 Rd8 36. Qd3 Nd7 37. Nc6 Ra8 38. Qd2 Kh8 39. Re1 Qc4 40. Ne5 Nxe5 41. fxe5 Ra2 42. Qe3 Qd5 43. Qf3 Qd4+ 44. Qe3 Qd5 45. Re2 Ra1+ 46. Kh2 Rd1 47. Rf2 g6 48. Qxh6+ Kg8 49. Qf4 Rd4 50. Qf6 Re4 51. Rb2 Qa8 52. Rd2 Rb4 53. d7 1-0

[Event "*** Titled Tuesday Blitz"]
[Site "Chess.com"]
[Date "2019.11.05"]
[Round "1"]
[White "WinningButNotReally"]
[Black "VerdeNotte"]
[Result "1/2-1/2"]
[WhiteElo "2426"]
[BlackElo "2776"]
[TimeControl "180+2"]
[EndTime "13:09:40 PST"]
[Termination "Game drawn - insufficient material"]

1. Nf3 g6 2. c4 Bg7 3. g3 c5 4. Bg2 Nc6 5. O-O d6 6. Nc3 Bf5 7. d3 Qd7 8. Bd2 Bh3 9. Rb1 Nf6 10. a3 Bxg2 11. Kxg2 d5 12. Nxd5 Nxd5 13. cxd5 Qxd5 14. Bc3 Bxc3 15. bxc3 b6 16. Qa4 Qd7 17. Rfd1 O-O 18. d4 Qc7 19. dxc5 bxc5 20. Qb5 Ne5 21. Qb7 Qxb7 22.
Rxb7 Nc6 23. Rd5 c4 24. Rc7 Rfc8 25.
Rxc8+ Rxc8 26. Rc5 e6 27. Rxc4 Kg7 28. Nd4 Ne7 29.
Rxc8 Nxc8 30. Kf3 Nd6 31. a4 a6 32. Nc6 Kf6 33. Ke3 e5 34. Kd3 Ke6 35. c4 Nb7 36. a5 Kd6 37. Nb4 Nc5+ 38. Ke3 f5 39. f4 exf4+ 40. gxf4 Nb3 41. Nxa6 Nxa5 42. Kd3 Nc6 43.
e4 fxe4+ 44. Kxe4 Na5 45. Kd4 Nc6+ 46. Ke4 Na5 47. c5+ Kc6 48. Ke5 Nc4+ 49. Kf6 Ne3 50. Kg7 Nd5 51. Nb4+ Nxb4 52. Kxh7 Nd3 53. Kxg6 Nxf4+ 54. Kg5 Ng2 55. Kg4 Kxc5 56. Kg3 Ne3 57.
Kf4 Nc4 58. h4 Kd6 59. Kg5 Ke6 60. h5 Ne5 61. h6 Kf7 62. Kf5 Ng6 63. h7 Nh8 64.
Ke5 Kg6 65. Kd5 Kxh7 1/2-1/2

[Event "*** Titled Tuesday Blitz"]
[Site "Chess.com"]
[Date "2019.11.05"]
[Round "1"]
[White "BIG_Pirate"]
[Black "MikaelyanArman"]
[Result "1-0"]
[WhiteElo "2420"]
[BlackElo "2735"]
[TimeControl "180+2"]
[EndTime "13:09:44 PST"]
[Termination "BIG_Pirate won by resignation"]

1. Nf3 Nf6 2. c4 g6 3. g3 Bg7 4. Bg2 O-O 5. O-O c5 6. Nc3 Nc6 7. d3 d6 8. a3 e5 9. Bg5 h6 10. Bxf6 Bxf6 11. Rb1 a5 12. Nd5 Bg7 13. b4 axb4 14.
axb4 cxb4 15. Nxb4 Ne7 16. Nd2 Qc7 17. Ne4 Ra3 18. Qc1 Ra5 19. Nc3 Kh7 20. Nbd5 Nxd5 21. Nxd5 Qc5 22. Qe3 Qxe3 23. Nxe3 Ra2 24. Rfe1 Ra7 25.
Rb5 f5 26. Reb1 f4 27. Nd5 Ra2 28. Bf3 Rf7 29. Nc3 Rc2 30. Ne4 Bf8 31. R5b2 Rxb2 32. Rxb2 g5 33. Nc3 g4 34. Bd5 Rg7 35. Ne4 f3 36.
Kf1 fxe2+ 37. Kxe2 h5 38. Rb6 Bf5 39. Nxd6 Bxd6 40. Rxd6 Re7 41. Ke3 Kg7 42. Rb6 Bc8 43. Be4 Rf7 44. Rg6+ Kf8 45. Rh6 Bf5 46. Bd5 Re7 47.
Rf6+ Kg7 48. Rxf5 h4 49. Rg5+ Kf6 50. Rxg4 hxg3 51. hxg3 Rh7 52. Rh4 Rg7 53. Rh6+ Kf5 54. Rb6 Kg4 55. Rxb7 Rg6 56. Be4 Rg5 57. c5 Rg8 58. c6 Rc8 59. Rg7+ Kh5 60. Re7 Kg4 61. Rxe5 Rf8 62. c7 Kh3 63. c8=Q+ Rxc8 64. Bf5+ Kg2 1-0

[Event "*** Titled Tuesday Blitz"]
[Site "Chess.com"]
[Date "2019.11.05"]
[Round "1"]
[White "LimeInTheCoconut"]
[Black "MaximDlugy"]
[Result "1/2-1/2"]
[WhiteElo "2451"]
[BlackElo "2829"]
[TimeControl "180+2"]
[EndTime "13:09:45 PST"]
[Termination "Game drawn by repetition"]

1. Nf3 d5 2. e3 Nf6 3. c4 dxc4 4.
Bxc4 e6 5. O-O a6 6. Qe2 c5 7. Rd1 b5 8. Bb3 Bb7 9. d3 Nbd7 10. a4 Be7 11. Nc3 b4 12. Nb1 O-O 13. Nbd2 Qc7 14. Nc4 a5 15. e4 Nb8 16. h3 Nc6 17. Be3 Rfd8 18. Rac1 Rac8 19. Rc2 h6 20. Rdc1 Nd7 21.
Ncd2 Qb8 22. Bc4 Nde5 23. Nxe5 Nxe5 24. Nb3 Nxc4 25. dxc4 Bxe4 26. Rd2 Rxd2 27. Nxd2 Bc6 28. b3 Qb7 29. Qg4 h5 30. Qxh5 Bf6 31. Qg4 Rd8 32.
Nf1 Rd3 33. Rb1 Be4 34. Bxc5 Rxh3 35. Qxh3 Bxb1 36. Qe3 Be4 37. f3 Bc2 38. Nd2 Bc3 39. Ne4 Be5 40. Bd4 Qc7 41. Bxe5 Qxe5 42. Qc5 Qxc5+ 43.
Nxc5 Kf8 44. Kf2 Ke7 45. Ke3 Kd6 46. Kd2 Bf5 47. Nd3 e5 48. Ke3 Bh7 49. g4 f6 50. Kd2 g6 51. Ke3 f5 52. gxf5 gxf5 53. f4 e4 54. Ne5 Bg8 55. Kd4 Be6 56. Ng6 Bf7 57. Nh4 Be6 58. Ng2 Bf7 59. Ne3 Be6 60. Ng2 Bf7 61. Ne3 Be6 62. Ng2 1/2-1/2

[Event "*** Titled Tuesday Blitz"]
[Site "Chess.com"]
[Date "2019.11.05"]
[Round "1"]
[White "adricalderon8"]
[Black "Last7Samurai"]
[Result "0-1"]
[WhiteElo "2354"]
[BlackElo "2702"]
[TimeControl "180+2"]
[EndTime "13:09:47 PST"]
[Termination "Last7Samurai won by resignation"]

1. e4 e6 2. d4 d5 3. Nc3 Nf6 4. Bg5 dxe4 5. Nxe4 Be7 6. Bxf6 gxf6 7. Nf3 f5 8. Nc3 a6 9. g3 b5 10. Bg2 Bb7 11.
Qe2 Qd6 12. O-O-O Nd7 13. Rhe1 O-O-O 14. d5 b4 15. dxe6 Qxe6 16. Qd2 bxc3 17. Qxc3 Qf6 18.
Qa5 Rhe8 19. Kb1 Nc5 20. Bh1 Rxd1+ 21. Rxd1 Bd6 22. a3 Ne4 23. Nd4 Be5 24. c3 Qb6 25. Qxb6 cxb6 26. Nxf5 Nd2+ 27. Rxd2 Bxh1 28. Nd6+ Bxd6 29.
Rxd6 Kc7 30. Rh6 Re2 31. f4 Be4+ 32. Ka2 Rd2 33. c4 b5 34. Rxa6 bxc4 35. Ra5 Kb6 36. Re5 Bc2 37. a4 Bxa4 38. Ka3 Bb3 39. h4 Rd3 40.
Rg5 Bd1+ 41. Kb4 Be2 42. Rb5+ Kc6 43. Rc5+ Kd6 44. Rxc4 Rxg3 45. Rd4+ Kc6 46. Re4 Bh5 47. Re5 Bf3 48. Kc4 Rg1 49. b4 Rc1+ 50. Kd4 Rd1+ 51.
Kc3 Bd5 52. Rh5 Be4 53. Re5 f5 54. Re6+ Kd7 55. Rh6 Rf1 56. Rxh7+ Kc6 57. Rh6+ Kb5 58. h5 Rxf4 59. Rf6 Rh4 60. h6 Rh3+ 61. Kd4 Rh4 62.
Ke5 Kxb4 63. Ke6 Kc4 64. Kf7 Kd4 65. Kg7 f4 66. Rd6+ Ke3 67. Re6 f3 68. Kf6 Rxh6+ 0-1

[Event "*** Titled Tuesday Blitz"]
[Site "Chess.com"]
[Date "2019.11.05"]
[Round "1"]
[White "LastHeroJr"]
[Black "ferdipy"]
[Result "1-0"]
[WhiteElo "2599"]
[BlackElo "2203"]
[TimeControl "180+2"]
[EndTime "13:09:52 PST"]
[Termination "LastHeroJr won by resignation"]

1. e4 e6 2. d4 d5 3. Nd2 Nf6 4. e5 Nfd7 5. Bd3 c5 6. c3 Nc6 7. Ne2 cxd4 8. cxd4 f6 9. exf6 Nxf6 10. Nf3 Bd6 11.
O-O Qc7 12. Nc3 a6 13. Bd2 O-O 14. Rc1 Qf7 15. Re1 Qh5 16. Be2 Ng4 17. h3 Nf6 18.
Ne5 Qe8 19. Nxc6 bxc6 20. Na4 Ne4 21. Be3 e5 22. Nb6 Rb8 23. Nxc8 Qxc8 24. Qc2 exd4 25. Bxd4 c5 26. Be3 Qf5 27. Bd3 Rbe8 28. Rcd1 Qe5 29. f4 Rxf4 30. Bxf4 Qxf4 31. g3 Qxg3+ 32. Qg2 Qe5 33.
Bxa6 c4 34. Bb7 Bc5+ 35. Kh1 Ng3+ 36. Qxg3 Qxg3 37. Bxd5+ Kf8 38. Rf1+ Ke7 39. Rf3 Qg5 40.
Rf7+ Kd6 41. Bg2+ Ke5 42. Rd5+ Ke6 43. Rxg5 Kxf7 44. Rxc5 Re1+ 45. Kh2 Re2 46. Rxc4 Rxb2 47. a4 Ra2 48. Kg3 g5 49. Bf3 h5 50. Rc6 h4+ 51. Kg4 Rxa4+ 52. Kxg5 Ke7 53. Bg4 Kf7 54. Kxh4 Kg7 55.
Kg5 Kf7 56. h4 Ke7 57. h5 Ra5+ 58. Bf5 Kf7 59. h6 Kg8 60. Rc8+ Kf7 61. h7 Ra1 62. h8=Q Rg1+ 63. Bg4 1-0

[Event "*** Titled Tuesday Blitz"]
[Site "Chess.com"]
[Date "2019.11.05"]
[Round "1"]
[White "mortngabriel"]
[Black "ChessQueen"]
[Result "0-1"]
[WhiteElo "2304"]
[BlackElo "2668"]
[TimeControl "180+2"]
[EndTime "13:09:55 PST"]
[Termination "ChessQueen won by checkmate"]

1. e4 e5 2. Nf3 Nc6 3. Bb5 a6 4. Ba4 Nf6 5. O-O Be7 6. Re1 b5 7. Bb3 d6 8. c3 O-O 9. h3 h6 10.
d4 Re8 11. Nbd2 Bb7 12. d5 Na5 13. Bc2 c6 14. b4 Nc4 15. Nxc4 bxc4 16. dxc6 Bxc6 17. a4 Qc7 18. Qe2 Bb7 19. Nd2 d5 20. exd5 Nxd5 21. Qxc4 Qxc4 22. Nxc4 Nxc3 23. Rxe5 Bxb4 24.
Ba3 Bxa3 25. Rxa3 Ne2+ 26. Kh2 Rxe5 27. Nxe5 Re8 28. Re3 Nd4 29. Be4 Bxe4 30. Rxe4 Nc6 31. f4 f6 32. Rc4 Nxe5 33. fxe5 Rxe5 34. h4 Kf7 35. Rc7+ Kg6 36. Rc6 a5 37. Rc4 h5 38. g3 Re2+ 39. Kh3 Ra2 40. Rd4 Kf7 41. Rc4 Ke6 42. Rc5 Rxa4 43. Rxh5 Ra1 44. Rh7 Kf7 45.
Rh8 a4 46. Ra8 a3 47. Ra7+ Ke6 48. Kg4 g6 49. Ra6+ Ke5 50. Ra5+ Kd4 51. Ra6 Ke5 52. Ra5+ Ke4 53. Ra6 f5+ 54. Kg5 a2 55. Ra4+ Kf3 56. Kxg6 Kxg3 57. Kxf5 Rf1+ 58. Kg6 a1=Q 59. Rxa1 Rxa1 60.
h5 Kg4 61. h6 Ra6+ 62. Kg7 Kg5 63. h7 Ra7+ 64. Kh8 Kg6 65. Kg8 Ra8# 0-1

[Event "*** Titled Tuesday Blitz"]
[Site "Chess.com"]
[Date "2019.11.05"]
[Round "1"]
[White "yjjga"]
[Black "catalin009"]
[Result "0-1"]
[WhiteElo "2060"]
[BlackElo "2548"]
[TimeControl "180+2"]
[EndTime "13:09:55 PST"]
[Termination "catalin009 won by checkmate"]

1. d4 Nf6 2. c4 e6 3. Nf3 b6 4. g3 Ba6 5. Nbd2 d5 6. cxd5 exd5 7. Bg2 Nbd7 8. O-O Bd6 9. Re1 O-O 10.
e4 dxe4 11. Nxe4 Nxe4 12. Rxe4 Bb7 13. Re1 Re8 14. Bg5 Qc8 15. Qd3 h6 16. Bd2 Nf6 17. Rxe8+ Qxe8 18. Re1 Qa4 19. a3 Re8 20. Ne5 Bxg2 21.
Kxg2 c5 22. Qc4 Qxc4 23. Nxc4 Rxe1 24. Bxe1 Bf8 25. dxc5 Bxc5 26. Ne5 Nd5 27. Nd3 Bd6 28. Bd2 f5 29. f4 Kf7 30. Kf3 Ke6 31. Be3 Nxe3 32.
Kxe3 Kd5 33. Kd2 Ke4 34. Ke2 b5 35. Ne1 a5 36. Nf3 a4 37. Nd2+ Kd4 38. Nb1 Kc4 39. Nc3 Bxa3 40. Nxa4 bxa4 41. bxa3 Kb3 42. Kd3 Kxa3 43. Kc3 Ka2 44. Kc2 a3 45. h3 Ka1 46.
Kc1 h5 47. Kc2 Ka2 48. h4 g6 49. Kc1 Kb3 50. Kb1 a2+ 51. Ka1 Ka3 52. g4 hxg4 53. h5 g3 54. hxg6 g2 55. g7 g1=Q# 0-1

[Event "*** Titled Tuesday Blitz"]
[Site "Chess.com"]
[Date "2019.11.05"]
[Round "1"]
[White "sergiochess83"]
[Black "KL31"]
[Result "1/2-1/2"]
[WhiteElo "2937"]
[BlackElo "2507"]
[TimeControl "180+2"]
[EndTime "13:09:56 PST"]
[Termination "Game drawn by repetition"]

1. e4 e6 2. d4 d5 3. Nd2 c5 4. Ngf3 Nc6 5. exd5 exd5 6. Bb5 Nf6 7. O-O Be7 8. dxc5 O-O 9. Nb3 Bg4 10. h3 Bh5 11. Be3 Rc8 12. c3 Ne4 13. Be2 Re8 14. Re1 Bf8 15. Nfd2 Bxe2 16. Rxe2 Ne5 17. Nxe4 dxe4 18. Qxd8 Rexd8 19. Bd4 Nd3 20. Rxe4 Nxb2 21. Na5 b6 22. cxb6 axb6 23. Bxb6 Rd5 24. c4 Rd2 25. Nb3 Rc2 26. c5 Nd3 27. Rd4 Nxc5 28. Bxc5 Bxc5 29.
Nxc5 R2xc5 30. a4 Ra5 31. g4 f6 32. Rb4 Rac5 33. a5 Rc1+ 34. Rxc1 Rxc1+ 35. Kg2 Ra1 36. Rb5 Kf7 37. h4 Ra4 38. f3 Ra2+ 39. Kg3 h6 40. h5 Ke6 41. Rb6+ Ke7 42. Rb5 Ke6 43. Rf5 Kd6 44. Kf4 Ra3 45. Ke4 Kc6 46. Kd4 Ra4+ 47. Kc3 Kb7 48. Kb3 Rd4 49. Kc3 Ra4 50. Rc5 Ra3+ 51.
Kd4 Rxf3 52. Ke4 Ra3 53. Kf5 Ra4 54. Rd5 Kc6 55. Rd8 Rxa5+ 56. Kf4 Rg5 57. Rd1 Kc7 58.
Rd2 Kc6 59. Rd3 Kc5 60. Rd2 Kc6 61. Rd3 Re5 62. Rd2 Kc7 63. Rd3 Rg5 64. Rd2 Kc6 1/2-1/2

[Event "*** Titled Tuesday Blitz"]
[Site "Chess.com"]
[Date "2019.11.05"]
[Round "1"]
[White "Cruel_Yaro"]
[Black "Alopekos"]
[Result "1-0"]
[WhiteElo "2864"]
[BlackElo "2470"]
[TimeControl "180+2"]
[EndTime "13:09:56 PST"]
[Termination "Cruel_Yaro won by resignation"]

1. e4 c5 2. Nf3 e6 3. g3 Nc6 4. Bg2 Nf6 5. Qe2 d6 6. O-O Be7 7. e5 dxe5 8. Nxe5 Nxe5 9. Qxe5 O-O 10. Nc3 Qb6 11. d3 Bd7 12. a4 Bc6 13. a5 Qa6 14.
Bg5 Bxg2 15. Kxg2 h6 16. Bxf6 Bxf6 17. Qe1 c4 18. dxc4 Qxc4 19. Ra3 Rac8 20. Rb3 Rfd8 21. Qe3 Qc6+ 22. Qf3 Qxf3+ 23. Kxf3 Rc7 24. Ne4 Be7 25. Rc3 Rdc8 26. Rxc7 Rxc7 27. c3 Rd7 28. Ke2 Rd5 29. Ra1 Kf8 30. f4 Ke8 31. b4 Kd8 32. h4 Kc7 33. Ke3 f5 34. Nd2 Bf6 35. Rc1 g5 36.
Nf3 gxf4+ 37. gxf4 Rd7 38. Nd4 Bxd4+ 39. cxd4+ Kd6 40.
Rg1 Kc6 41. Rg6 Kb5 42. Rxe6 Kxb4 43. a6 b5 44. Rxh6 Ka5 45. Kd3 Rc7 46. d5 b4 47.
d6 Rd7 48. Kc4 Kxa6 49. Kxb4 Kb6 50. Rf6 Kc6 51. h5 Rh7 52. h6 Kd7 53. Kc5 Rh8 54. Kd5 a5 55. Rf7+ Ke8 56. Re7+ Kd8 57. h7 1-0

[Event "*** Titled Tuesday Blitz"]
[Site "Chess.com"]
[Date "2019.11.05"]
[Round "1"]
[White "MITerryble"]
[Black "Warre"]
[Result "1-0"]
[WhiteElo "2870"]
[BlackElo "2475"]
[TimeControl "180+2"]
[EndTime "13:10:05 PST"]
[Termination "MITerryble won by checkmate"]

1. d4 Nf6 2. Bg5 Ne4 3. Bf4 d5 4. Nd2 Nf6 5. e3 c5 6. dxc5 e6 7. b4 a5 8. a3 Nc6 9. c3 Be7 10. Ngf3 O-O 11. Bb5 Nh5 12. Be5 Nxe5 13. Nxe5 Nf6 14.
O-O Qc7 15. Nef3 b6 16. c6 Ne8 17. Ba4 Bf6 18. Qc2 Nd6 19. b5 e5 20. e4 dxe4 21.
Nxe4 Be7 22. Nxd6 Bxd6 23. Bb3 Kh8 24. Ng5 g6 25. Qd2 Kg7 26. a4 h6 27. Nxf7 Rxf7 28. Bxf7 Kxf7 29. Qxh6 Bf5 30. Rad1 Rd8 31. Rfe1 e4 32.
f3 Bc5+ 33. Kh1 Rxd1 34. Rxd1 Bd6 35. fxe4 Bxe4 36. Qh7+ Ke6 37. Qg8+ Ke5 38. Re1 Qe7 39. Qxg6 Kd5 40. Rd1+ Kc5 41. Qh5+ Kc4 42. Qe2+ Kb3 43.
Qd2 Be5 44. c4 Qh4 45. Qe3+ Bc3 46. c7 Qg4 47. Rg1 Kxa4 48. Qxc3 Qe2 49. Qg3 Bb7 50. Qh3 Qxc4 51. Qg3 Kxb5 52. h3 Ka6 53.
Rb1 b5 54. Qg6+ Ka7 55. Qg3 b4 56. Ra1 Kb6 57. Qd6+ Kb5 58. Qe5+ Kc6 59. Qxa5 Kd7 60. Rd1+ Kc8 61. Rd8# 1-0

[Event "*** Titled Tuesday Blitz"]
[Site "Chess.com"]
[Date "2019.11.05"]
[Round "1"]
[White "vladimirdamjanovic"]
[Black "Eloist"]
[Result "1-0"]
[WhiteElo "2608"]
[BlackElo "2230"]
[TimeControl "180+2"]
[EndTime "13:10:19 PST"]
[Termination "vladimirdamjanovic won by resignation"]

1. e4 e6 2. d4 d5 3. Nc3 Nf6 4. Bg5 dxe4 5. Nxe4 Be7 6. Bxf6 gxf6 7. Ne2 f5 8. N4c3 Bf6 9. Qd2 a6 10. g3 Nc6 11.
O-O-O Qd6 12. Bg2 Bd7 13. d5 Na5 14. Ne4 Bxb2+ 15. Kxb2 Nc4+ 16. Ka1 fxe4 17. Qd4 Qe5 18. dxe6 Bxe6 19. Bxe4 c6 20. Nf4 Bg4 21. Qxe5+ Nxe5 22. Rde1 O-O-O 23. h3 Bf3 24. Bxf3 Nxf3 25. Re7 Rd7 26.
Rxd7 Kxd7 27. Rd1+ Kc7 28. Kb2 Re8 29. Kc3 Re5 30.
Rd3 Ne1 31. Re3 Rxe3+ 32. fxe3 Nf3 33. Kd3 Ne1+ 34. Kd2 Nf3+ 35. Kd3 Ne1+ 36. Kc3 Kd6 37. Nd3 Nf3 38. e4 b6 39. Kc4 Ng5 40. e5+ Ke6 41.
h4 Nf3 42. Nb4 Nxe5+ 43. Kb3 a5 44. Na6 Kd6 45. c4 h5 46. c5+ bxc5 47. Ka4 c4 48. Kxa5 c5 49. Ka4 Nd3 50. Ka3 Kd5 51. Nc7+ Kd4 52. Nb5+ Ke3 53. Nc3 Kd4 54. Ne2+ Ke3 55. Nc3 Kf3 56. Ka4 Kxg3 57. Kb5 f5 58. a4 f4 59. a5 Nb4 60. Kxc5 Na6+ 61. Kb6 Nb4 62. Kb5 f3 63. Kxb4 Kf4 64. Nd1 Ke4 65. Kxc4 Ke5 66. Kd3 Kd5 67. Ke3 Kc5 68. Kxf3 Kb5 69. Kf4 Kxa5 70.
Kg5 Kb6 71. Kxh5 1-0

[Event "*** Titled Tuesday Blitz"]
[Site "Chess.com"]
[Date "2019.11.05"]
[Round "1"]
[White "champ2005"]
[Black "Alliswell998"]
[Result "1/2-1/2"]
[WhiteElo "2915"]
[BlackElo "2501"]
[TimeControl "180+2"]
[EndTime "13:10:21 PST"]
[Termination "Game drawn by agreement"]

1. c4 Nf6 2. Nc3 g6 3. e4 d6 4.
d4 Bg7 5. Nf3 O-O 6. Be2 c5 7. O-O Nc6 8. d5 Nb8 9. Ne1 b5 10. cxb5 a6 11. f3 axb5 12. Bxb5 Ba6 13.
Nc2 Qa5 14. Bxa6 Qxa6 15. Be3 Nbd7 16. Qd2 Rfb8 17. Rab1 Ne5 18. b3 Qd3 19. Qxd3 Nxd3 20.
Rfd1 Nb4 21. Nxb4 Rxb4 22. Rdc1 Nd7 23. Na4 Ne5 24. Bd2 Rb7 25. Bc3 Nd3 26. Rd1 Rxa4 27. Bxg7 Rxa2 28. Bh6 Nb4 29. e5 dxe5 30. d6 exd6 31.
Rxd6 Rb8 32. Rbd1 f5 33. Rd7 Kh8 34. Bg7+ Kg8 35. Bh6 Kh8 36. Bg7+ Kg8 37. Bxe5 Re8 38. f4 Nc6 39. Rg7+ Kf8 40. Rxh7 Nxe5 41. fxe5 Re2 42. Rd6 R8xe5 43. Rxg6 Re1+ 44. Kf2 R5e2+ 45. Kg3 Rg1 46. Kf3 Rb2 47. Rgg7 Rxb3+ 48. Kf4 c4 49. Rc7 Kg8 50.
Rhg7+ Kh8 51. Rh7+ Kg8 52. Rhg7+ Kh8 53. Rge7 Rxg2 54. Re8+ Rg8 55. Re6 Rh3 56. Kxf5 Rxh2 57. Rxc4 Rf2+ 58. Ke5 Re2+ 59. Kd6 Rd8+ 60. Ke7 Rxe6+ 61.
Kxe6 Rd3 62. Rf4 Kg7 63. Rg4+ Kh6 64. Kf6 Rf3+ 65. Ke5 Kh5 66. Rg2 Rf8 1/2-1/2

[Event "*** Titled Tuesday Blitz"]
[Site "Chess.com"]
[Date "2019.11.05"]
[Round "1"]
[White "Kostya_Nikologorskiy"]
[Black "gorgeous1083"]
[Result "0-1"]
[WhiteElo "2512"]
[BlackElo "1977"]
[TimeControl "180+2"]
[EndTime "13:10:24 PST"]
[Termination "gorgeous1083 won by resignation"]

1. d4 Nf6 2. c3 e6 3. g3 d5 4. Bg2 Be7 5. Nf3 b6 6. O-O O-O 7. a4 a5 8. Re1 Bb7 9. Nbd2 Nbd7 10.
h3 Rc8 11. Nf1 c5 12. Bf4 Ne4 13. N3d2 f5 14. f3 Nxd2 15. Qxd2 cxd4 16. cxd4 Bb4 17. Qe3 Bxe1 18. Qxe6+ Kh8 19. Rxe1 Rc2 20. Rc1 Rxc1 21.
Bxc1 Re8 22. Qxf5 Rxe2 23. Bg5 Qe8 24. Bd2 Ba6 25. Be3 Rxe3 26. Nxe3 Qxe3+ 27. Kh2 Nf6 28. g4 Qf2 29. Qe5 h6 30. Qb8+ Kh7 31. Qg3 Qxg3+ 32. Kxg3 g5 33. h4 Kg6 34. f4 gxh4+ 35. Kxh4 Bc8 36.
f5+ Kg7 37. Kg3 Bd7 38. Kf4 Bxa4 39. Bf3 Bb3 40. Be2 a4 41. Ke5 Bc4 42. Bf3 b5 43. Bd1 b4 44. Bxa4 Nxg4+ 45. Kf4 Nf6 46. Bd1 Ne4 47.
Ke5 Nd2 48. f6+ Kf7 49. Bh5+ Kf8 50. Bd1 Nf1 51. Bf3 Ng3 52. Kf4 Nf1 53. Ke5 Ne3 54. Kf4 Nc2 55. Bd1 b3 56. Ke5 Nb4 57. Kd6 Nd3 58. Bxb3 Bxb3 59. Ke6 Nxb2 60. Kf5 Na4 61. Kg6 Nc3 62. Kxh6 Nb5 63. Kg5 Nxd4 64. Kf4 Nc6 65. Kf5 Kf7 0-1

[Event "*** Titled Tuesday Blitz"]
[Site "Chess.com"]
[Date "2019.11.05"]
[Round "1"]
[White "NikolaMa2000"]
[Black "cool4chess"]
[Result "0-1"]
[WhiteElo "1999"]
[BlackElo "2540"]
[TimeControl "180+2"]
[EndTime "13:10:42 PST"]
[Termination "cool4chess won by resignation"]

1. d4 d5 2. Nf3 Nf6 3. c4 c6 4.
Qb3 e6 5. g3 Nbd7 6. Bg2 Bd6 7.
O-O O-O 8. Nc3 h6 9. Bf4 Bxf4 10.
gxf4 b6 11. e3 Ba6 12. Nd2 Rc8 13. Rfd1 Qe7 14. Rac1 Rfd8 15. Na4 dxc4 16. Qc2 b5 17. Nc3 c5 18. Nde4 cxd4 19. Rxd4 Nxe4 20. Nxe4 Nb6 21.
Rcd1 Nd5 22. Ng3 Nb4 23. Qb1 Nd3 24. Rxd8+ Rxd8 25. Bf1 b4 26. b3 cxb3 27. Bxd3 bxa2 28. Qxa2 Rxd3 29. Rb1 Bb5 30. Qc2 Rc3 31. Qd2 a5 32. Ne4 Rd3 33. Qc2 Rd8 34. Qc5 Qxc5 35. Nxc5 Rd2 36. Nb7 Ra2 37. Rc1 b3 38. Rc5 b2 39.
Rxb5 Ra1+ 40. Kg2 b1=Q 41. Rxb1 Rxb1 42. Nxa5 Rc1 43. Nb3 Rc3 44. Nd4 Kf8 45. Nf3 Ke7 46. Ne5 Ra3 47. Nc4 Ra2 48. Ne5 Kf6 49. Kf3 g5 50. Ng4+ Kg6 51. Ne5+ Kg7 52. fxg5 hxg5 53. Ng4 f5 54. Ne5 Rd2 55. Kg2 Kf6 56. Nc4 Rc2 57.
Nd6 Ke7 58. Nb5 e5 59. Kg3 Ke6 60. Kg2 Kd5 61. Kg3 f4+ 62. exf4 gxf4+ 63. Kg2 e4 64. Kf1 e3 65. fxe3 fxe3 66. Ke1 Ke4 67. Nd6+ Kd3 68. Kf1 e2+ 69. Ke1 Rc1+ 70. Kf2 e1=Q+ 0-1